 Dungeon Crawl Stone Soup version 0.31.0-11-ge490571c62 (webtiles) character file.

Game seed: 13344232039946810110

1052 Armakuni the Cutter (level 8, -3/69 HPs)
             Began as a Deep Elf Monk on Feb 2, 2024.
             Was a Believer of Ru.
             Killed by psychic fangs
             ... invoked by a brain worm
              (7 damage)
             ... in a sewer.
             The game lasted 00:18:28 (4843 turns).

Armakuni the Cutter (Deep Elf Monk)                 Turns: 4843, Time: 00:18:29

Health: -3/69      AC: 24    Str:  8    XL:     8   Next: 5%
Magic:  0/10       EV:  2    Int: 16    God:    Ru [**....]
Gold:   320        SH:  4    Dex: 19    Spells: 7/7 levels left

rFire   . . .        a - +2 dagger (venom)
rCold   . . .        f - +0 buckler
rNeg    + . .        k - melded +0 robe
rPois   +            h - melded +0 helmet
rElec   .            g - melded scarf {+Inv}
rCorr   .            c - melded +0 pair of gloves
SInv    .            q - melded +0 pair of boots
Will    .....        G - amulet of guardian spirit
Stlth   +++          N - ring of positive energy
HPRegen 0.31/turn    (no ring)
MPRegen 0.12/turn

%: guardian spirit
@: tree-form
A: stationary, stasis, torment immunity, boosted hp, hated by all, sense
surroundings 1, inability to drink after injury 1
a: Renounce Religion, Sacrifice Durability, Sacrifice a Hand, Sacrifice Forms,
Reject Sacrifices


You were in a sewer.
You worshipped Ru.
Ru was pleased with you.
You were a tree.
You visited 1 branch of the dungeon, and saw 6 of its levels.
You also visited: Sewer.

You collected 320 gold pieces.

Inventory:

Hand Weapons
 a - a +2 dagger of venom (weapon)
Armour
 c - a +0 pair of gloves (melded)
 d - an orb of light
 f - a +0 buckler (worn)
 g - a scarf of invisibility (melded)
 h - a +0 helmet (melded)
 i - a scarf of resistance
 k - a +0 robe (melded)
 l - a +0 ring mail
 q - a +0 pair of boots (melded)
Magical Staves
 e - a staff of air
Jewellery
 G - an amulet of guardian spirit (around neck)
 N - a ring of positive energy (left branch)
Wands
 r - a wand of digging (9)
 s - a wand of flame (13)
Scrolls
 b - a scroll of vulnerability
 j - 3 scrolls of butterflies
 n - a scroll of immolation
 p - a scroll of teleportation
Potions
 o - a potion of lignification


   Skills:
 - Level 3.0 Fighting
 + Level 7.3 Short Blades
 - Level 3.6 Dodging
 - Level 5.0 Stealth
 - Level 5.0 Evocations


You had 7 spell levels left.
You didn't know any spells.
Your spell library contained the following spells:

 Spells                   Type           Power      Damage    Failure   Level
 Ensorcelled Hibernation  Hex/Ice        0%         N/A       52%         2
 Fugue of the Fallen      Necr           0%         N/A       77%         3
 Anguish                  Hex/Necr       0%         N/A       99%         4


Dungeon Overview and Level Annotations

Branches:
Dungeon (6/15)             Temple (0/1) D:4           Sewer (1/1)

Altars:
Ru
Xom
The Shining One

Shops:
D:6 (


Innate Abilities, Weirdness & Mutations

You are a tree.
Your roots penetrate the ground, keeping you stationary.
You cannot be teleported.
You are immune to unholy pain and torment.
Your maximum health is greatly increased.
Your equipment is partially melded.
You are hated by all.
You passively map a small area around you.
You occasionally lose the ability to drink potions when taking damage.


Message History

Pargi is severely wounded.
Pargi bites you but does no damage. You block Pargi's attack.
Pargi claws you but does no damage.
You hit Pargi but do no damage.
Pargi looks as sick as possible!
Pargi is severely wounded.
You block Pargi's attack. Pargi claws you but does no damage. x2
You barely miss Pargi.
Pargi is severely wounded.
Pargi bites you but does no damage. Pargi claws you but does no damage. x2
You barely miss Pargi.
Pargi is severely wounded.
You hit Pargi.
You kill Pargi!
The troll leather armour {Pargi} is intact enough to wear.
The brain worm stares with bemusement at its reflection in a puddle.
The brain worm's throbbing head pulsates.
Something gnaws heavily on your mind!
* * * LOW HITPOINT WARNING * * *
Your life force feels restored.
Your Short Blades skill increases to level 7!
You have reached level 8!
You feel clever.
You hit the brain worm.
The brain worm is poisoned.
The brain worm is moderately wounded.
You block the brain worm's attack.
You hit the brain worm but do no damage.
The brain worm looks as sick as possible!
The brain worm is moderately wounded.
You hit the brain worm.
The brain worm looks as sick as possible!
The brain worm is heavily wounded.
The brain worm bites you but does no damage.
You hit the brain worm.
The brain worm is severely wounded.
The brain worm bites you but does no damage.
You hit the brain worm.
The brain worm is almost dead.
The brain worm's bulging head throbs.
Something gnaws heavily on your mind!
You die...

*
#.~≈~.####
*
*#.~≈~.####
,
+..∩....∩#
*
#.~≈~w####
*
#.~≈~.####
,+.~≈~.'..#
#.~≈~.####
#.~≈~.####
+.~≈~.'w♣#
*
#.~≈~.####
#.~≈~.#
+.~≈~.+,
#######* *
#~≈~* #~≈~
#~≈~ ~


You could see a brain worm (extremely poisoned).

Vanquished Creatures
  Edmund (D:4)
  Pargi (Sewer)
  A sky beast (D:6)
  A phantom (D:4)
  A kobold brigand (D:6)
  A scorpion (D:4)
  A bombardier beetle (D:4)
  3 hounds
  4 orc priests
  2 orc wizards
  9 adders
  4 gnolls
  A white imp (D:5)
  2 ufetubi (D:6)
  2 dart slugs (D:2)
  2 ribbon worms
  8 orcs
  6 endoplasms
  4 giant cockroaches
  3 goblins
  7 hobgoblins
  6 kobolds
  4 quokkas
  4 ball pythons
  5 bats
  5 frilled lizards
  11 rats
99 creatures vanquished.

Vanquished Creatures (others)
  A hound (D:3)
  An orc (D:6)
  A ball python (D:4)
3 creatures vanquished.

Grand Total: 102 creatures vanquished

Notes
Turn   | Place    | Note
-------+----------+-------------------------------------------
     0 | D:1      | Armakuni the Deep Elf Monk began the quest for the Orb.
     0 | D:1      | Reached XP level 1. HP: 13/13 MP: 3/3
   253 | D:1      | Reached XP level 2. HP: 16/18 MP: 4/4
   316 | D:1      | You fall into a shaft and drop 1 floor!
   817 | D:1      | Found a faded altar of an unknown god.
   823 | D:1      | Prayed at the altar of an unknown god.
   823 | D:1      | Became a worshipper of Ru the Awakened
   883 | D:2      | Reached XP level 3. HP: 23/23 MP: 5/5
   887 | D:2      | Reached skill level 1 in Evocations
   888 | D:2      | Gained mutation: You are hated by all. [Ru sacrifice]
   888 | D:2      | Reached * piety under Ru
   888 | D:2      | Reached ** piety under Ru
  1176 | D:2      | Reached skill level 1 in Stealth
  1852 | D:3      | Reached XP level 4. HP: 21/28 MP: 6/6
  2239 | D:4      | Noticed a phantom
  2414 | D:3      | Reached XP level 5. HP: 18/32 MP: 7/7
  2637 | D:3      | Reached skill level 5 in Stealth
  2679 | D:4      | Found a staircase to the Ecumenical Temple.
  2837 | D:4      | Noticed Edmund
  2966 | D:5      | Entered Level 5 of the Dungeon
  2997 | D:4      | Reached skill level 4 in Short Blades
  3152 | D:4      | Reached XP level 6. HP: 35/37 MP: 8/8
  3314 | D:4      | Reached skill level 5 in Short Blades
  3692 | D:4      | Killed Edmund
  3693 | D:4      | Reached XP level 7. HP: 36/41 MP: 9/9
  4203 | D:5      | Found a glowing golden altar of the Shining One.
  4203 | D:5      | Found a sacrificial altar of Ru.
  4444 | D:6      | Reached skill level 6 in Short Blades
  4512 | D:6      | Found a shimmering altar of Xom.
  4525 | D:6      | Reached skill level 5 in Evocations
  4549 | D:6      | Found Ughusuff's Weapon Shoppe.
  4573 | D:6      | Gained mutation: You occasionally lose the ability to drink
                  | potions when taking damage. [potion of mutation]
  4573 | D:6      | Gained mutation: You passively map a small area around you.
                  | [potion of mutation]
  4788 | D:6      | Found a glowing drain.
  4792 | Sewer    | Entered a sewer
  4808 | Sewer    | Noticed Pargi
  4837 | Sewer    | Killed Pargi
  4837 | Sewer    | HP: 2/57 [brain worm/psychic fangs (10)]
  4838 | Sewer    | Reached skill level 7 in Short Blades
  4838 | Sewer    | Reached XP level 8. HP: 2/46 MP: 0/10
  4843 | Sewer    | Killed from afar by a brain worm

Illustrated notes

Levels and vault maps discovered:
D:1:      kennysheep_arrival_forest, layout_loops_ring,
          shapermc_ecumenical_altar_hornbeckon
D:2:      layout_rooms, chequers_serial_rivers_large_b
D:3:      layout_loops_corners
D:4:      layout_rooms, minmay_temple_entry_trees, nicolae_half_adder,
          uniq_edmund
D:5:      layout_cave_pools, mainiacjoe_overflow_divided_tiny
D:6:      layout_rooms, lemuel_round_altar, gup_sewer_entry_spiral,
          serial_shops, nicolae_stop_n_shop_2, blue_anna_alchemist,
          nicolae_custom_books
Sewer:    kennysheep_door_sewer

Skill      XL: |  1  2  3  4  5  6  7 |
---------------+----------------------+-----
Fighting       | 3 |  3.0
Evocations     | 1 3 5 |  5.0
Stealth        | 2 4 5 |  5.0
Short Blades   | 4 5 7 |  7.3
Dodging        | |  3.6

Action                     |  1- 3 |  4- 6 |  7- 9 || total
---------------------------+-------+-------+-------++-------
  Melee: Short sword       |   127 |       |       ||   127
         Dagger            |    17 |   157 |   118 ||   292
         Punch             |       |     3 |       ||     3
  Throw: Throwing net      |     1 |       |     1 ||     2
 Invoke: Sacrifice Love    |     1 |       |       ||     1
Ability: Evoke Invisibilit |       |     1 |     1 ||     2
    Use: Scroll            |     5 |     6 |     1 ||    12
         Potion            |       |     5 |     2 ||     7
   Stab: Held in net/web   |     2 |       |       ||     2
         Invisible         |       |     4 |     1 ||     5
         Sleeping          |       |     4 |     4 ||     8
         Distracted        |       |       |     2 ||     2
 Armour: Robe              |    47 |    62 |    47 ||   156
         Skin              |       |     8 |    29 ||    37
  Dodge: Dodged            |    95 |    87 |    77 ||   259
  Block: Buckler           |       |     3 |    30 ||    33
